HSSL
BILLINGS WEST HS GOLDEN BEARS @ BROOKLINE HS WARRIORS
04/10/2027
 
TOP OF THE 1ST
Billings West HS Golden Bears batting - Pitching for Brookline HS Warriors : RHP Jim Taylor
Pitching: RHP Jim Taylor
Batting: RHB Jason Cook 0-0: Ball
1-0: Called Strike
1-1: SOLO HOME RUN (Flyball, 7D), Distance : 405 ft
Batting: SHB Juan Soriano 0-0: Called Strike
0-1: Foul Ball, location: 2F
0-2: Foul Ball, location: 2F
0-2: Ball
1-2: Fly out, F7 (Line Drive, 7LM)
Batting: LHB Jean Beauchemin 0-0: SINGLE (Line Drive, 78S)
Batting: RHB Michael Scott 0-0: Ball
1-0: Foul Ball, location: 2F
1-1: Ball
2-1: Grounds into double play, 4-6-3 (Groundball, 4)
Top of the 1st over - 1 run(s), 2 hit(s), 0 error(s), 0 left on base; Billings West HS 1 - Brookline HS 0
BOTTOM OF THE 1ST
Brookline HS Warriors batting - Pitching for Billings West HS Golden Bears : RHP Justin Perry
Pitching: RHP Justin Perry
Batting: LHB Alex Kelly 0-0: Fly out, F6 (Flyball, 56D)
Batting: RHB Ed Vega 0-0: Foul Ball, location: 2F
0-1: Foul Ball, location: 2F
0-2: Ball
1-2: Ball
2-2: Ball
3-2: Fly out, F5 (Line Drive, 5)
Batting: LHB Lou Robinson 0-0: Ball
1-0: Ball
2-0: Foul Ball, location: 2F
2-1: Foul Ball, location: 2F
2-2: SINGLE (Line Drive, 6MD)
Batting: RHB Travis Kramer 0-0: Fly out, F9 (Flyball, 89M)
Bottom of the 1st over - 0 run(s), 1 hit(s), 0 error(s), 1 left on base; Billings West HS 1 - Brookline HS 0
TOP OF THE 2ND
Billings West HS Golden Bears batting - Pitching for Brookline HS Warriors : RHP Jim Taylor
Batting: RHB Rod Zamora 0-0: Ball
1-0: Called Strike
1-1: Fly out, F8 (Flyball, 8LS)
Batting: LHB Millard Mays 0-0: Ball
1-0: Ball
2-0: Ball
3-0: Called Strike
3-1: Fly out, F7 (Flyball, 78S)
Batting: RHB Roberto Hernández 0-0: Ball
1-0: Ground out 6-3 (Groundball, 6)
Top of the 2nd over - 0 run(s), 0 hit(s), 0 error(s), 0 left on base; Billings West HS 1 - Brookline HS 0
BOTTOM OF THE 2ND
Brookline HS Warriors batting - Pitching for Billings West HS Golden Bears : RHP Justin Perry
Batting: LHB Bailey Mrazek 0-0: Swinging Strike
0-1: Ball
1-1: Foul Ball, location: 2F
1-2: Ball
2-2: Ball
3-2: Ground out 4-3 (Groundball, 4M)
Batting: RHB Patrick Chávez 0-0: Ball
1-0: Ground out 6-3 (Groundball, 6)
Batting: RHB Paco Cabrera 0-0: Ball
1-0: Ground out 5-3 (Groundball, 56)
Bottom of the 2nd over - 0 run(s), 0 hit(s), 0 error(s), 0 left on base; Billings West HS 1 - Brookline HS 0
TOP OF THE 3RD
Billings West HS Golden Bears batting - Pitching for Brookline HS Warriors : RHP Jim Taylor
Batting: RHB Ethan Ramos 0-0: Foul Ball, location: 2F
0-1: Ball
1-1: Swinging Strike
1-2: Strikes out swinging
Batting: RHB Eric Dodd 0-0: Ball
1-0: Foul Ball, location: 2F
1-1: Ball
2-1: Foul Ball, location: 2F
2-2: Foul Ball, location: 2F
2-2: Ball
3-2: Foul Ball, location: 2F
3-2: Foul Ball, location: 2F
3-2: Base on Balls
Batting: RHB Jason Cook 0-0: Grounds into double play, 5-4-3 (Groundball, 56)
Top of the 3rd over - 0 run(s), 0 hit(s), 0 error(s), 0 left on base; Billings West HS 1 - Brookline HS 0
BOTTOM OF THE 3RD
Brookline HS Warriors batting - Pitching for Billings West HS Golden Bears : RHP Justin Perry
Batting: RHB Ben Bond 0-0: SINGLE (Groundball, 6MD)
Batting: RHB Tim Smith 0-0: Called Strike
0-1: Ball
1-1: Ball
2-1: 2-RUN HOME RUN (Flyball, 7D), Distance : 407 ft
Batting: LHB Alex Kelly 0-0: Ball
1-0: Called Strike
1-1: Ball
2-1: Swinging Strike
2-2: Fly out, F7 (Flyball, 7)
Batting: RHB Ed Vega 0-0: Ball
1-0: Foul Ball, location: 2F
1-1: Called Strike
1-2: Ball
2-2: Foul Ball, location: 2F
2-2: Foul Ball, location: 2F
2-2: Foul Ball, location: 2F
2-2: Foul Ball, location: 2F
2-2: Foul Ball, location: 2F
2-2: Ball
3-2: Foul Ball, location: 2F
3-2: SINGLE (Flyball, 9S)
Batting: LHB Lou Robinson 0-0: Called Strike
0-1: Foul Ball, location: 2F
0-2: Foul Ball, location: 2F
0-2: Ball
1-2: Ground out U3 (Groundball, 34S)
Ed Vega to second
Batting: RHB Travis Kramer 0-0: Ball
1-0: Ground out 1-3 (Groundball, P)
Bottom of the 3rd over - 2 run(s), 3 hit(s), 0 error(s), 1 left on base; Billings West HS 1 - Brookline HS 2
TOP OF THE 4TH
Billings West HS Golden Bears batting - Pitching for Brookline HS Warriors : RHP Jim Taylor
Batting: SHB Juan Soriano 0-0: Called Strike
0-1: Swinging Strike
0-2: Ball
1-2: Ball
2-2: SINGLE (Groundball, 6D)
Batting: LHB Jean Beauchemin Pickoff Throw to First - Out!
0-0: Ball
1-0: Ball
2-0: Swinging Strike
2-1: Foul Ball, location: 2F
2-2: Ground out 4-3 (Groundball, 4)
Batting: RHB Michael Scott 0-0: Called Strike
0-1: Foul Ball, location: 2F
0-2: Fly out, F6 (Popup, 4MD)
Top of the 4th over - 0 run(s), 1 hit(s), 0 error(s), 0 left on base; Billings West HS 1 - Brookline HS 2
BOTTOM OF THE 4TH
Brookline HS Warriors batting - Pitching for Billings West HS Golden Bears : RHP Justin Perry
Batting: LHB Bailey Mrazek 0-0: Fly out, F4 (Popup, 34D)
Batting: RHB Patrick Chávez 0-0: Foul Ball, location: 2F
0-1: Foul Ball, location: 2F
0-2: Ball
1-2: Fly out, F4 (Popup, 4D)
Batting: RHB Paco Cabrera 0-0: Called Strike
0-1: Foul Ball, location: 2F
0-2: Ball
1-2: Foul Ball, location: 2F
1-2: Ball
2-2: Ball
3-2: Strikes out swinging
Bottom of the 4th over - 0 run(s), 0 hit(s), 0 error(s), 0 left on base; Billings West HS 1 - Brookline HS 2
TOP OF THE 5TH
Billings West HS Golden Bears batting - Pitching for Brookline HS Warriors : RHP Jim Taylor
Batting: RHB Rod Zamora 0-0: Foul Ball, location: 2F
0-1: Ball
1-1: Foul Ball, location: 2F
1-2: Foul Ball, location: 2F
1-2: Hit by Pitch
Batting: LHB Millard Mays 0-0: Ground out 4-3 (Groundball, 34D)
Rod Zamora to second
Batting: RHB Roberto Hernández 0-0: Ball
1-0: DOUBLE (Line Drive, 9)
Rod Zamora scores
Batting: RHB Ethan Ramos 0-0: Ground out 5-3 (Groundball, 5)
Batting: RHB Eric Dodd 0-0: Called Strike
0-1: Called Strike
0-2: Ball
1-2: Ball
2-2: SINGLE (Line Drive, 89S)
Roberto Hernández to third
Runner from 3rd tries for Home, SAFE, no throw
Batting: RHB Jason Cook 0-0: Ball
Eric Dodd steals 2nd base
1-0: Intentional Walk
Batting: SHB Juan Soriano 0-0: Ball
1-0: Fly out, F3 (Popup, 3D)
Top of the 5th over - 2 run(s), 2 hit(s), 0 error(s), 2 left on base; Billings West HS 3 - Brookline HS 2
BOTTOM OF THE 5TH
Brookline HS Warriors batting - Pitching for Billings West HS Golden Bears : RHP Justin Perry
Batting: RHB Ben Bond 0-0: Ball
1-0: Ball
2-0: Swinging Strike
2-1: Ball
3-1: Foul Ball, location: 2F
3-2: Strikes out swinging
Batting: RHB Tim Smith 0-0: Called Strike
0-1: Ball
1-1: SINGLE (Groundball, 4MD)
Pitching: RHP Preston Carter
Batting: LHB Alex Kelly 0-0: Called Strike
0-1: Foul Ball, location: 2F
0-2: Ball
1-2: Fielders Choice at 2nd, 4-6 (Groundball, 4)
Batting: RHB Ed Vega 0-0: Ball
1-0: Called Strike
1-1: Ball
2-1: Ball
3-1: Called Strike
3-2: Fly out, F9 (Flyball, 89M)
Bottom of the 5th over - 0 run(s), 1 hit(s), 0 error(s), 1 left on base; Billings West HS 3 - Brookline HS 2
TOP OF THE 6TH
Billings West HS Golden Bears batting - Pitching for Brookline HS Warriors : RHP Jim Taylor
Batting: LHB Jean Beauchemin 0-0: Called Strike
0-1: Ball
1-1: Foul Ball, location: 2F
1-2: Ball
2-2: Strikes out swinging
Batting: RHB Michael Scott 0-0: Called Strike
0-1: Ball
1-1: Ball
2-1: Ball
3-1: Base on Balls
Pitching: RHP Travis Martin
Batting: RHB Rod Zamora 0-0: Ball
1-0: Ball
2-0: Called Strike
2-1: Swinging Strike
2-2: Ball
3-2: Fly out, F8 (Flyball, 8LM)
Batting: LHB Millard Mays 0-0: Swinging Strike
0-1: Ball
1-1: Ball
2-1: Foul Ball, location: 2F
2-2: Strikes out swinging
Top of the 6th over - 0 run(s), 0 hit(s), 0 error(s), 1 left on base; Billings West HS 3 - Brookline HS 2
BOTTOM OF THE 6TH
Brookline HS Warriors batting - Pitching for Billings West HS Golden Bears : RHP Preston Carter
Batting: LHB Lou Robinson 0-0: Called Strike
0-1: Foul Ball, location: 2F
0-2: Ground out 4-3 (Groundball, 4)
Batting: RHB Travis Kramer 0-0: Ball
1-0: Ball
2-0: Ball
3-0: Called Strike
3-1: SINGLE (Groundball, 6MD)
Batting: LHB Bailey Mrazek 0-0: Called Strike
0-1: Ball
1-1: Foul Ball, location: 2F
1-2: Ball
2-2: Foul Ball, location: 2F
2-2: Fly out, F4 (Popup, 3D)
Batting: RHB Patrick Chávez 0-0: Ball
Travis Kramer steals 2nd base
1-0: Ball
2-0: Ball
3-0: Called Strike
3-1: Called Strike
3-2: Ground out 1-3 (Groundball, P)
Bottom of the 6th over - 0 run(s), 1 hit(s), 0 error(s), 1 left on base; Billings West HS 3 - Brookline HS 2
TOP OF THE 7TH
Billings West HS Golden Bears batting - Pitching for Brookline HS Warriors : RHP Travis Martin
Batting: RHB Roberto Hernández 0-0: SINGLE (Line Drive, 56)
Pinch Hitting: RHB Lawrence Pérez 0-0: Sac Bunt - play at first, batter OUT! 1-4
Roberto Hernández to second
Batting: RHB Eric Dodd 0-0: Ball
1-0: Ball
2-0: Called Strike
2-1: Swinging Strike
2-2: Foul Ball, location: 2F
2-2: Fly out, F3 (Flyball, 3D)
Batting: RHB Jason Cook 0-0: Intentional Walk
Batting: SHB Juan Soriano 0-0: Ball
1-0: Fly out, F8 (Flyball, 8LM)
Top of the 7th over - 0 run(s), 1 hit(s), 0 error(s), 2 left on base; Billings West HS 3 - Brookline HS 2
BOTTOM OF THE 7TH
Brookline HS Warriors batting - Pitching for Billings West HS Golden Bears : RHP Preston Carter
Now at SS: Rob Johnston
Batting: RHB Paco Cabrera 0-0: Foul Ball, location: 2F
0-1: DOUBLE (Line Drive, 7LS)
Pinch Hitting: LHB Jonathan Martin 0-0: Ball
1-0: Called Strike
1-1: Called Strike
1-2: Ball
2-2: Ball
3-2: Foul Ball, location: 2F
3-2: Base on Balls
Batting: RHB Tim Smith 0-0: Ball
1-0: Sac Bunt - play at first, batter OUT! 1-4
Paco Cabrera to third
Jonathan Martin to second
Batting: LHB Alex Kelly 0-0: Ball
1-0: Called Strike
1-1: Foul Ball, location: 2F
1-2: SINGLE (Groundball, 34D)
Paco Cabrera scores
Jonathan Martin to third
Runner from 3rd tries for Home, SAFE, no throw
Pitching: LHP Monty Bint
Batting: RHB Ed Vega 0-0: Fly out, F7 (Flyball, 7LSF)
Batting: LHB Lou Robinson 0-0: Ball
1-0: Ball
2-0: Foul Ball, location: 2F
2-1: Swinging Strike
2-2: Ball
3-2: Fly out, F8 (Flyball, 8LD)
Bottom of the 7th over - 2 run(s), 2 hit(s), 0 error(s), 1 left on base; Billings West HS 3 - Brookline HS 4
TOP OF THE 8TH
Billings West HS Golden Bears batting - Pitching for Brookline HS Warriors : RHP Travis Martin
Pitching: LHP John Pope
Now at SS: Luis Rodríguez
Batting: LHB Jean Beauchemin 0-0: Foul Ball, location: 2F
0-1: Called Strike
0-2: Ball
1-2: Ball
2-2: Ball
3-2: Foul Ball, location: 2F
3-2: Strikes out looking
Pitching: RHP Dick Green
Batting: RHB Michael Scott 0-0: Foul Ball, location: 2F
0-1: Foul Ball, location: 2F
0-2: Foul Ball, location: 2F
0-2: Foul Ball, location: 2F
0-2: Strikes out swinging
Batting: RHB Rod Zamora 0-0: Ball
1-0: Ball
2-0: Swinging Strike
2-1: Called Strike
2-2: Ground out 5-3 (Groundball, 5)
Top of the 8th over - 0 run(s), 0 hit(s), 0 error(s), 0 left on base; Billings West HS 3 - Brookline HS 4
BOTTOM OF THE 8TH
Brookline HS Warriors batting - Pitching for Billings West HS Golden Bears : LHP Monty Bint
Batting: RHB Travis Kramer 0-0: Swinging Strike
0-1: Foul Ball, location: 2F
0-2: SOLO HOME RUN (Flyball, 7D), Distance : 406 ft
Batting: LHB Bailey Mrazek 0-0: Called Strike
0-1: Swinging Strike
0-2: Foul Ball, location: 2F
0-2: Ball
1-2: Ball
2-2: Ground out U3 (Groundball, 3L)
Batting: RHB Patrick Chávez 0-0: Ball
1-0: Swinging Strike
1-1: Called Strike
1-2: Foul Ball, location: 2F
1-2: Ball
2-2: Foul Ball, location: 2F
2-2: Strikes out swinging
Batting: RHB Paco Cabrera 0-0: Called Strike
0-1: SINGLE (Line Drive, 78S)
Batting: SHB Luis Rodríguez 0-0: Ball
1-0: Called Strike
1-1: Called Strike
1-2: DOUBLE (Line Drive, 89M)
Paco Cabrera to third
Paco Cabrera scores
Pitching: RHP Doug Sales
Batting: RHB Tim Smith 0-0: Called Strike
0-1: Ball
1-1: Ball
2-1: Ball
3-1: Foul Ball, location: 2F
3-2: Foul Ball, location: 2F
3-2: Foul Ball, location: 2F
3-2: Base on Balls
Batting: LHB Alex Kelly 0-0: Ball
1-0: Swinging Strike
1-1: Foul Ball, location: 2F
1-2: Strikes out looking
Bottom of the 8th over - 2 run(s), 3 hit(s), 0 error(s), 2 left on base; Billings West HS 3 - Brookline HS 6
TOP OF THE 9TH
Billings West HS Golden Bears batting - Pitching for Brookline HS Warriors : RHP Dick Green
Pitching: RHP Jack Jones
Batting: LHB Millard Mays 0-0: Ball
1-0: Foul Ball, location: 2F
1-1: Ball
2-1: Foul Ball, location: 2F
2-2: Fly out, F3 (Popup, 3D)
Batting: RHB Roberto Hernández 0-0: Ball
1-0: Fly out, F9 (Flyball, 9S)
Batting: RHB Rob Johnston 0-0: Foul Ball, location: 2F
0-1: Ground out 4-3 (Groundball, 4)
Top of the 9th over - 0 run(s), 0 hit(s), 0 error(s), 0 left on base; Billings West HS 3 - Brookline HS 6
Thursday, March 30th, 2017 - OOTP Baseball 17.12 Build 75